 Dungeon Crawl Stone Soup version 0.29.0-5-ge4962eb29e (webtiles) character file.

Game seed: 4723526492407666500

46 themarg the Magician (level 3, -2/26 HPs)
             Began as a Gnoll Wanderer on Aug 28, 2022.
             Succumbed to an adder's poison
             ... on level 2 of the Dungeon.
             The game lasted 00:04:39 (1388 turns).

themarg the Magician (Gnoll Wanderer)               Turns: 1388, Time: 00:04:40

Health: -2/26      AC:  3    Str: 11    XL:     3   Next: 66%
Magic:  10/11      EV: 11    Int: 13    God:
Gold:   37         SH:  0    Dex: 11    Spells: 15/16 levels left

rFire   . . .      SeeInvis .   g - +0 short sword
rCold   . . .      Faith    .   (no shield)
rNeg    . . .      Spirit   .   c - +0 robe
rPois   .          Reflect  .   d - +0 helmet
rElec   .          Harm     .   (no cloak)
rCorr   .          Rampage  .   (no gloves)
Will    .....                   (no boots)
Stlth   +++.......              (no amulet)
HPRegen 0.08/turn               (no ring)
MPRegen 0.12/turn               (no ring)

@: lethally poisoned (-2 -> -12), invisible
A: fangs 1, strong nose, distributed training
a: no special abilities


You were on level 2 of the Dungeon.
You visited 1 branch of the dungeon, and saw 2 of its levels.

You collected 37 gold pieces.

Inventory:

Hand Weapons
 a - a +0 club
 g - a +0 short sword (weapon)
Armour
 c - a +0 robe (worn)
 d - a +0 helmet (worn)
Scrolls
 e - a scroll of amnesia {unknown}
 f - a scroll of summoning {unknown}
 h - a scroll of blinking {unknown}
 j - a scroll of enchant weapon {unknown}
Potions
 b - a potion of attraction


   Skills:
 + Level 1.0 Fighting
 + Level 1.0 Short Blades
 + Level 1.0 Long Blades
 + Level 1.0 Axes
 + Level 1.0 Maces & Flails
 + Level 1.0 Polearms
 + Level 1.0 Staves
 + Level 1.0 Ranged Weapons
 + Level 1.0 Throwing
 + Level 2.6 Armour
 + Level 1.0 Dodging
 + Level 6.0 Stealth
 + Level 1.0 Shields
 + Level 1.0 Unarmed Combat
 + Level 7.1 Spellcasting
 + Level 0.7 Conjurations
 + Level 0.7 Hexes
 + Level 3.8 Summonings
 + Level 0.7 Necromancy
 + Level 0.7 Translocations
 + Level 2.1 Transmutations
 + Level 0.7 Fire Magic
 + Level 0.7 Ice Magic
 + Level 0.7 Air Magic
 + Level 0.7 Earth Magic
 + Level 0.7 Poison Magic
 + Level 1.0 Invocations
 + Level 1.0 Evocations


You had 15 spell levels left.
You knew the following spells:

 Your Spells              Type           Power      Damage    Failure   Level
a - Summon Small Mammal   Summ           56%        N/A       3%          1

Your spell library contained the following spells:

 Spells                   Type           Power      Damage    Failure   Level
 Call Imp                 Summ           14%        N/A       4%          2
 Wereblood                Tmut           10%        N/A       10%         2
 Passwall                 Tmut/Erth      6%         N/A       13%         2
 Summon Lightning Spire   Summ/Air       10%        N/A       52%         4


Dungeon Overview and Level Annotations

Branches:
Dungeon (2/15)

Altars:

Shops:
D:1 *


Innate Abilities, Weirdness & Mutations

You have very sharp teeth.
Your uncanny sense of smell can sniff out nearby items.
Your experience applies equally to all skills.


Message History

The adder poisons your quokka!
Your quokka misses the adder. The adder barely misses your quokka.
Your quokka dies!
Your quokka's corpse disappears in a puff of smoke!
You barely miss the adder. The adder closely misses you.
You closely miss the adder. You punch the adder.
The adder is lightly wounded.
The adder bites you.
You closely miss the adder.
The adder is lightly wounded.
The adder bites you.
You are poisoned.
The adder poisons you! The adder bites you.
You are more poisoned.
The adder poisons you!
Casting: Summon Small Mammal (safe; 3% risk of failure)
Confirm with . or Enter, or press ? or * to list all spells.
You feel very sick. The adder closely misses you.
You closely miss the adder.
The adder is lightly wounded.
You feel very sick. The adder barely misses you.
Your rat misses the adder. You miss the adder.
You bite the adder, but do no damage.
The adder is lightly wounded.
You feel sick. The adder bites you.
* * * LOW HITPOINT WARNING * * *
The adder bites you.
* * * LOW HITPOINT WARNING * * *
Your rat closely misses the adder.
You hit the adder.
The adder is lightly wounded.
* * * LOW HITPOINT WARNING * * *
You feel sick. The adder bites you.
* * * LOW HITPOINT WARNING * * *
You are more poisoned.
The adder poisons you!
Your rat barely misses the adder.
It was a potion of invisibility.
You fade into invisibility!
You die...

# .. ###. ∆ #..
...## #..# +##...
# #... ...
......##. ...#
.##..# ........#
#.. # #....#
......†.##)#
.##....# #†.@#∆
#.....# ##rS#∆
#....#
##.#∆∆∆#.#.##
#.#####....#
#.......#..######
#.#.####...#<...#
#.#...##..#####.#
#.###.##..# #.#
#.# .##..#####.#


You could see an adder (unable to see you, ally target) and a friendly rat
(summoned).

Vanquished Creatures
  A worm (D:2)
  2 endoplasms (D:1)
  2 giant cockroaches (D:1)
  A goblin (D:2)
  A hobgoblin (D:1)
  4 ball pythons
  A bat (D:1)
  3 kobolds
  A rat (D:2)
16 creatures vanquished.

Vanquished Creatures (collateral kills)
  A dart slug (D:1)
  A bat (D:2)
  2 endoplasms (D:1)
  A goblin (D:1)
  A hobgoblin (D:1)
  4 jackals (D:1)
  3 kobolds (D:1)
  2 quokkas (D:2)
  2 ball pythons (D:1)
  2 frilled lizards (D:2)
  2 rats
21 creatures vanquished.

Grand Total: 37 creatures vanquished

Notes
Turn   | Place    | Note
-------+----------+-------------------------------------------
     0 | D:1      | themarg the Gnoll Wanderer began the quest for the Orb.
     0 | D:1      | themarg set off with the following items: a +0 club, a
                  | potion of attraction, a +0 robe, a +0 helmet; and the
                  | following spell memorised: Summon Small Mammal; and the
                  | following spells available to memorise: Call Imp,
                  | Wereblood, Passwall, Summon Lightning Spire.
     0 | D:1      | Reached XP level 1. HP: 13/13 MP: 8/8
   192 | D:1      | Reached XP level 2. HP: 19/19 MP: 7/10
   471 | D:1      | Reached XP level 3. HP: 15/25 MP: 7/11
   680 | D:1      | Found Feuro's Assorted Antiques.
  1038 | D:2      | Reached skill level 1 in Invocations
  1361 | D:2      | Reached skill level 1 in Fighting
  1361 | D:2      | Reached skill level 1 in Short Blades
  1361 | D:2      | Reached skill level 1 in Long Blades
  1361 | D:2      | Reached skill level 1 in Axes
  1361 | D:2      | Reached skill level 1 in Maces & Flails
  1361 | D:2      | Reached skill level 1 in Polearms
  1361 | D:2      | Reached skill level 1 in Staves
  1361 | D:2      | Reached skill level 1 in Ranged Weapons
  1361 | D:2      | Reached skill level 1 in Throwing
  1361 | D:2      | Reached skill level 1 in Dodging
  1361 | D:2      | Reached skill level 1 in Shields
  1361 | D:2      | Reached skill level 1 in Unarmed Combat
  1361 | D:2      | Reached skill level 1 in Evocations
  1387 | D:2      | HP: 1/26 [adder (1)]
  1388 | D:2      | Succumbed to an adder's poison

Illustrated notes

Levels and vault maps discovered:
D:1:      psy_arrival_dodecagon, layout_rooms, serial_shops, shop
D:2:      layout_basic, basic_altar, ebering_ecumenical_altar_hall,
          nicolae_eternal_life, minmay_vboxes

Skill      XL: |  1  2  3 |
---------------+----------+-----
Transmutations | 2 |  2.1
Stealth        | 6 |  6.0
Invocations    | 1 |  1.0
Fighting       | 1 |  1.0
Short Blades   | 1 |  1.0
Long Blades    | 1 |  1.0
Axes           | 1 |  1.0
Maces & Flails | 1 |  1.0
Polearms       | 1 |  1.0
Staves         | 1 |  1.0
Ranged Weapons | 1 |  1.0
Throwing       | 1 |  1.0
Dodging        | 1 |  1.0
Shields        | 1 |  1.0
Unarmed Combat | 1 |  1.0
Evocations     | 1 |  1.0
Armour         | |  2.6
Spellcasting   | |  7.1
Conjurations   | |  0.7
Hexes          | |  0.7
Summonings     | |  3.8
Necromancy     | |  0.7
Translocations | |  0.7
Fire Magic     | |  0.7
Ice Magic      | |  0.7
Air Magic      | |  0.7
Earth Magic    | |  0.7
Poison Magic   | |  0.7

Action                   || total
-------------------------++-------
Melee: Club              ||    10
       Short sword       ||    72
       Punch             ||     3
       Bite              ||     5
 Cast: Summon Small Mamm ||    34
  Use: Potion            ||     1
 Stab: Sleeping          ||     1
Armor: Robe              ||    17
Dodge: Dodged            ||    47
